 Dungeon Crawl Stone Soup version 0.17.1-2-g5865329 (webtiles) character file.

4294 inmateoo the Cleaver (level 10, -13/70 HPs)
             Began as a Centaur Fighter on Feb 15, 2016.
             Was a High Priest of Makhleb.
             Mangled by a sun demon (18 damage)
             ... summoned by a kobold demonologist
             ... on level 8 of the Dungeon.
             The game lasted 00:09:27 (6687 turns).

inmateoo the Cleaver (Centaur Fighter)              Turns: 6687, Time: 00:09:27

Health: -13/70     AC: 14    Str: 22    XL:     10   Next: 11%
Magic:  11/11      EV:  3    Int:  7    God:    Makhleb [*****.]
Gold:   386        SH:  9    Dex: 11    Spells: 0 memorised, 9 levels left

rFire  . . .     SeeInvis .     a - +2 war axe
rCold  + . .     Clarity  .     b - +0 scale mail
rNeg   . . .     SustAt   .     c - +0 shield
rPois  .         Gourm    .     (helmet restricted)
rElec  .         Spirit   .     o - +1 cloak
rCorr  .         Warding  .     (no gloves)
rMut   .         Stasis   .     h - +0 centaur barding
MR     .....                    (no amulet)
Stlth  ..........               (no ring)
                                n - +2 ring of dexterity

@: lethally poisoned (-13 -> -14), hasted, very quick, not resistant to hostile
enchantments, extremely unstealthy
A: hooves 3, horns 1, icy blue scales 1, blurry vision 1, cold resistance 1,
deformed body, speed 2, frail 1, tough skin 3, evolution 1, MP-powered wands
a: Minor Destruction, Lesser Servant of Makhleb, Major Destruction, Greater
Servant of Makhleb, Renounce Religion


You were on level 8 of the Dungeon.
You worshipped Makhleb.
Makhleb was extremely pleased with you.
You were not hungry.

You visited 1 branch of the dungeon, and saw 8 of its levels.

You collected 386 gold pieces.

Inventory:

Hand Weapons
 a - a +2 war axe (weapon)
Armour
 b - a +0 scale mail (worn)
 c - a +0 shield (worn)
 h - a +0 centaur barding (worn)
 o - a +1 cloak (worn)
Rods
 A - a +0 rod of ignition (9/9)
   (You found it on level 7 of the Dungeon)
Jewellery
 n - a +2 ring of dexterity (left hand)
 C - a cursed -3 ring of dexterity
Wands
 d - a wand of random effects (29)
 g - a wand of confusion (29)
 l - a wand of paralysis (12)
 y - a wand of hasting (6)
 E - a wand of digging (8)
 F - a wand of magic darts (23)
 H - a wand of paralysis (14)
Scrolls
 f - 2 scrolls of remove curse
 i - 3 scrolls of fog
 j - a scroll of recharging
 k - 2 scrolls of teleportation
 q - 2 scrolls of enchant weapon
 D - 2 scrolls of fear {unknown}
 G - a scroll of enchant armour
Potions
 m - a potion of agility
 s - 2 potions of might
 t - a potion of magic
 v - 3 potions of flight
 x - a potion of invisibility
 B - a potion of cancellation
 I - a potion of curing
Books
 u - a book of Frost

   Spells                             Type                      Level
   a - Freeze                         Ice                          1
   b - Throw Frost                    Conjuration/Ice              2
   c - Ozocubu's Armour               Charms/Ice                   3
   d - Throw Icicle                   Conjuration/Ice              4
   e - Summon Ice Beast               Ice/Summoning                4
   f - Condensation Shield            Ice                          4
 w - a book of Geomancy

   Spells                             Type                      Level
   a - Sandblast                      Earth                        1
   b - Stoneskin                      Transmutation/Earth          2
   c - Passwall                       Transmutation/Earth          3
   d - Stone Arrow                    Conjuration/Earth            3
   e - Petrify                        Transmutation/Earth          4
   f - Lee's Rapid Deconstruction     Earth                        5
 K - a book of Fire

   Spells                             Type                      Level
   a - Ignite Poison                  Fire/Transmutation/Poison    3
   b - Fireball                       Conjuration/Fire             5
   c - Bolt of Fire                   Conjuration/Fire             6
   d - Delayed Fireball               Conjuration/Fire             7
   e - Ring of Flames                 Charms/Fire                  7
Comestibles
 e - 5 bread rations
 p - 2 beef jerkies
 r - 6 meat rations
 J - 2 chunks of flesh


   Skills:
 + Level 3.7 Fighting
 + Level 12.6 Axes
 + Level 2.5 Armour
 + Level 2.6 Shields
 + Level 2.3 Invocations


You had 9 spell levels left.
You didn't know any spells.

Dungeon Overview and Level Annotations

Branches:
Dungeon (8/15)             Temple (0/1) D:5            Lair (0/8) D:8

Altars:
Cheibriados
Dithmenos
Elyvilon
Kikubaaqudgha
Makhleb
Qazlal
Trog
Vehumet
Yredelemnul

Shops:
D:7 %


Innate Abilities, Weirdness & Mutations

You have hooves in place of feet.
Armour fits poorly on your strangely shaped body.
You cover ground very quickly.
You have extremely tough skin (AC +3).
You have a pair of small horns on your head.
You are partially covered in icy blue scales (AC +1).
Scrolls take you a little longer to read.
Your flesh is cold resistant.
You are frail (-10% HP).
You evolve.
You expend magic power (3 MP) to strengthen your wands.


Message History

The crimson imp shouts, "Crawl home, thou rank mumble-news horse-flesh!"
Unknown command.
The kobold demonologist casts a spell.
Things that are here:
a spear; a gnoll corpse Unknown command.
Unknown command.
Read which item? (? for menu, Esc to quit)
Really read with blurry vision while enemies are nearby? [Y]es or [N]o only, please.
Really read with blurry vision while enemies are nearby? [Y]es or [N]o only, please.
Really read with blurry vision while enemies are nearby?
Okay, then.
Unknown command.
Drink which item? (? for menu, Esc to quit)
You feel yourself speed up. The sun demon hits you!
* * * LOW HITPOINT WARNING * * *
You are engulfed in flames!!
You die...

#..........#
#...[......#
#..........#
#...../....#
#.../......#
#....555...#
#...o4K54..# #3##
#)@#### ##.....#
#......# .
#......#######.# ..
#..............#.# #
#.........####...# #
#..............# #
#........##..### ###
........#....######.(


You could see a sun demon, a rust devil, a kobold demonologist, an iron imp, a
quasit, a crimson imp and a white imp.

Vanquished Creatures
  Pikel (D:4)
  Joseph (D:7)
  Prince Ribbit (D:5)
  Sigmund (D:5)
  A yak (D:8)
  A deep elf fighter (D:8)
  Edmund (D:4)
  Duvessa (D:4)
  2 slaves (D:4)
  A wasp (D:8)
  2 sky beasts
  2 ice beasts (D:7)
  2 orc warriors (D:7)
  A phantom (D:6)
  A crocodile (D:8)
  2 ogres
  A centaur (D:8)
  2 big kobolds
  A gnoll sergeant (D:8)
  2 giant frogs
  Dowan (D:4)
  5 wights (D:6)
  A giant frog zombie (D:7)
  A hound (D:7)
  A jelly (D:7)
  2 giant frog skeletons
  Crazy Yiuf (D:4)
  An orc priest (D:7)
  A centaur skeleton (D:5)
  6 worker ants
  Terence (D:2)
  11 orc wizards
  A hound zombie (D:7)
  4 river rats (D:8)
  5 gnolls (D:8)
  8 adders
  A shadow imp (D:6)
  2 oozes
  2 adder skeletons (D:4)
  6 worms
  24 orcs
  A ball python (D:2)
  12 bats
  9 giant cockroaches
  2 gnoll zombies (D:7)
  14 goblins
  8 hobgoblins
  6 quokkas
  A ball python skeleton (D:4)
  3 giant geckos
  A giant gecko zombie (D:5)
  4 giant newts
  9 jackals
  14 kobolds
  16 rats
212 creatures vanquished.

Notes
Turn   | Place    | Note
--------------------------------------------------------------
     0 | D:1      | inmateoo the Centaur Fighter began the quest for the Orb.
     0 | D:1      | Reached XP level 1. HP: 19/19 MP: 1/1
   333 | D:1      | Reached XP level 2. HP: 23/26 MP: 2/2
   889 | D:2      | Reached XP level 3. HP: 29/31 MP: 3/3
   951 | D:2      | Found a burning altar of Makhleb.
   951 | D:2      | Noticed a green death
   975 | D:2      | Noticed a neqoxec
   975 | D:2      | Noticed a neqoxec
   977 | D:2      | Became a worshipper of Makhleb the Destroyer
  1020 | D:2      | Noticed Terence
  1030 | D:2      | Killed Terence
  1030 | D:2      | Reached XP level 4. HP: 28/38 MP: 4/4
  1102 | D:2      | Reached skill level 4 in Axes
  1635 | D:3      | Found a shadowy altar of Dithmenos.
  1645 | D:3      | Reached * piety under Makhleb
  1734 | D:3      | Found a stormy altar of Qazlal.
  1854 | D:3      | Noticed a giant frog
  1864 | D:3      | Killed a giant frog
  1864 | D:3      | Reached skill level 5 in Axes
  1864 | D:3      | Reached XP level 5. HP: 33/45 MP: 5/5
  2068 | D:3      | Found a radiant altar of Vehumet.
  2069 | D:3      | Found a white marble altar of Elyvilon.
  2158 | D:3      | Noticed an ogre
  2169 | D:3      | Killed an ogre
  2169 | D:3      | Reached XP level 6. HP: 34/51 MP: 6/6
  2281 | D:4      | Reached ** piety under Makhleb
  2315 | D:4      | Noticed Pikel
  2412 | D:4      | Found an ancient bone altar of Kikubaaqudgha.
  2421 | D:4      | Noticed Duvessa
  2423 | D:4      | Noticed Dowan
  2442 | D:4      | Killed Duvessa
  2442 | D:4      | Reached skill level 6 in Axes
  2456 | D:4      | Killed Dowan
  2585 | D:4      | Noticed Edmund
  2603 | D:4      | Killed Edmund
  2603 | D:4      | Reached skill level 7 in Axes
  2603 | D:4      | Reached XP level 7. HP: 53/57 MP: 7/7
  2666 | D:4      | Killed Pikel
  2666 | D:4      | Reached skill level 8 in Axes
  2666 | D:4      | Reached XP level 8. HP: 63/63 MP: 8/8
  2801 | D:4      | Found a snail-covered altar of Cheibriados.
  2890 | D:4      | Noticed Crazy Yiuf
  2898 | D:4      | Killed Crazy Yiuf
  2994 | D:5      | Entered Level 5 of the Dungeon
  3009 | D:5      | Found a staircase to the Ecumenical Temple.
  3215 | D:5      | Reached skill level 9 in Axes
  3226 | D:5      | Noticed Sigmund
  3239 | D:5      | Killed Sigmund
  3421 | D:5      | Noticed Prince Ribbit
  3446 | D:5      | Killed Prince Ribbit
  3446 | D:5      | Reached skill level 10 in Axes
  3937 | D:6      | Found a bloodstained altar of Trog.
  4055 | D:6      | Found a burning altar of Makhleb.
  4284 | D:6      | Gained mutation: You have a pair of small horns on your head. [mutagenic meat]
  4286 | D:6      | Gained mutation: You expend magic power (3 MP) to strengthen your wands. [mutagenic meat]
  4287 | D:6      | Gained mutation: Scrolls take you a little longer to read. [mutagenic meat]
  4288 | D:6      | Gained mutation: You evolve. [mutagenic meat]
  4391 | D:6      | Reached *** piety under Makhleb
  4409 | D:6      | Reached XP level 9. HP: 33/69 MP: 9/9
  4816 | D:7      | Found Heniopyludd's Food Shoppe.
  4822 | D:7      | Reached skill level 11 in Axes
  5302 | D:7      | Reached skill level 12 in Axes
  5305 | D:7      | Reached **** piety under Makhleb
  5323 | D:7      | Gained mutation: Your flesh is cold resistant. [mutagenic meat]
  5326 | D:7      | Gained mutation: You are partially covered in icy blue scales (AC +1). [mutagenic meat]
  5327 | D:7      | Gained mutation: You are frail (-10% HP). [mutagenic meat]
  5349 | D:7      | Noticed Joseph
  5373 | D:7      | Killed Joseph
  6159 | D:7      | Found a basalt altar of Yredelemnul.
  6449 | D:8      | Reached skill level 1 in Invocations
  6522 | D:8      | Reached ***** piety under Makhleb
  6550 | D:8      | Reached XP level 10. HP: 55/69 MP: 11/11
  6570 | D:8      | Found a staircase to the Lair.
  6640 | D:8      | Noticed a kobold demonologist
  6673 | D:8      | Noticed a sixfirhy
  6677 | D:8      | Noticed a sun demon
  6681 | D:8      | Noticed a rust devil
  6687 | D:8      | Mangled by a sun demon

Action                   |  1- 3 |  4- 6 |  7- 9 | 10-12 || total
-------------------------+-------+-------+-------+-------++-------
Melee: War axe           |    97 |   134 |   327 |    52 ||   610
Invok: Minor Destruction |       |     1 |       |       ||     1
  Use: Scroll            |     6 |     8 |     6 |       ||    20
       Potion            |       |     6 |     1 |     1 ||     8
 Stab: Invisible         |       |     1 |       |       ||     1
       Distracted        |       |       |     1 |       ||     1
  Eat: Chunk             |       |     4 |    19 |     2 ||    25
